 Dungeon Crawl Stone Soup version 0.27.0-1-g7a089689b8 (webtiles) character file.

Game seed: 14142092882439062625

82 Xeniu the Chiller (level 4, 0/30 HPs)
             Began as a Vampire Ice Elementalist on July 31, 2021.
             Slain by a worm (11 damage)
             ... on level 2 of the Dungeon.
             The game lasted 00:05:11 (1466 turns).

Xeniu the Chiller (Vampire Ice Elementalist)        Turns: 1466, Time: 00:05:12

Health: 0/30       AC:  2    Str:  7    XL:     4   Next: 21%
Magic:  4/7        EV: 13    Int: 18    God:
Gold:   29         SH:  0    Dex: 14    Spells: 7/8 levels left

rFire    . . .     SeeInvis +   b - +0 dagger
rCold    . . .     Faith    .   (no shield)
rNeg     . . .     Spirit   .   a - +0 robe
rPois    .         Reflect  .   (no helmet)
rElec    .         Harm     .   (no cloak)
rCorr    .         Rampage  .   (no gloves)
Will     .....                  (no boots)
Stlth    +++.......             (no amulet)
HPRegen  0.30/turn              (no ring)
MPRegen  0.10/turn              (no ring)

@: healing quickly
A: alive, fangs 3, see invisible, vampiric 2
a: Exsanguinate


You were on level 2 of the Dungeon.
You visited 1 branch of the dungeon, and saw 2 of its levels.

You collected 29 gold pieces.

Inventory:

Hand Weapons
 b - a +0 dagger (weapon)
Armour
 a - a +0 robe (worn)
 e - a +0 buckler
Scrolls
 c - a scroll of amnesia {unknown}
 f - a scroll of immolation {unknown}
Potions
 d - a potion of brilliance {unknown}


   Skills:
 + Level 0.7 Armour
 * Level 2.9 Dodging
 * Level 4.0 Stealth
 * Level 2.6 Spellcasting
 * Level 1.1 Conjurations
 + Level 4.2 Ice Magic


You had 7 spell levels left.
You knew the following spells:

 Your Spells              Type           Power      Damage    Failure   Level
a - Freeze                Ice            68%        1d8       3%          1

Your spell library contained the following spells:

 Spells                   Type           Power      Damage    Failure   Level
 Frozen Ramparts          Ice            34%        1d5       9%          3
 Ozocubu's Armour         Ice            17%        N/A       9%          3
 Animate Skeleton         Necr           4%         N/A       17%         1
 Apportation              Tloc           4%         N/A       17%         1
 Corona                   Hex            2%         N/A       17%         1
 Summon Small Mammal      Summ           8%         N/A       17%         1
 Blink                    Tloc           N/A        N/A       26%         2
 Lesser Beckoning         Tloc           1%         N/A       45%         3
 Hailstorm                Conj/Ice       11%        3d5       50%         4
 Manifold Assault         Tloc           2%         N/A       99%         5


Dungeon Overview and Level Annotations

Branches:
Dungeon (2/15)

Altars:

Annotations:
D:2 Natasha


Innate Abilities, Weirdness & Mutations

Your natural rate of healing is accelerated.
You have razor-sharp teeth.
You have supernaturally acute eyesight. (SInv)
You are afflicted with vampirism and can become a bat while bloodless.


Message History

There is a stone staircase leading down here.
There is a stone staircase leading down here.
There is a stone staircase leading down here.
There is a stone staircase leading down here.
There is a stone staircase leading down here.
A ball python comes into view.
The ball python moves out of view.
The ball python bites you. The ball python grabs you.
The ball python constricts you.
You hit the ball python.
The ball python is severely wounded.
The ball python barely misses you. The ball python constricts you.
Aiming: Freeze (safe; 3% risk of failure)
Press: ? - help, Q - select action Shift-Dir - straight line, f - ball python
Aim: a ball python (severely wounded, constricting you)
You freeze the ball python.
You kill the ball python!
Unknown command.
A worm is nearby!
A worm is nearby!
The worm bites you!
Aiming: Freeze (safe; 3% risk of failure)
Press: ? - help, Q - select action Shift-Dir - straight line, f - worm
Aim: a worm You freeze the worm.
The worm is moderately wounded.
The worm bites you!
Aiming: Freeze (safe; 3% risk of failure)
Press: ? - help, Q - select action Shift-Dir - straight line, f/p - worm
Aim: a worm (lightly wounded)
You freeze the worm.
The worm is heavily wounded.
Unknown command.
Aiming: Freeze (safe; 3% risk of failure)
Press: ? - help, Q - select action Shift-Dir - straight line, f/p - worm
Aim: a worm (heavily wounded)
You freeze the worm!
The worm is almost dead.
The worm bites you!
You die...

.# ##..### ...... #.. ..
##..##.# .##> ........ ..(
....##.#. #.. ..h.......#..
.#...........###################
.# .##.........w@.........>....#
.# # ##.....################.#
.# .....(..# #.# .##. ###....w#
#.# .... ........# #.# ####
######..# #.# #..# #.# # #.?#
#.# # #..# #.#


You could see a worm.

Vanquished Creatures
  Natasha (twice) (D:2)
  A dart slug (D:1)
  3 ball pythons
  3 bats
  4 endoplasms
  3 hobgoblins (D:1)
  2 jackals (D:1)
  5 frilled lizards
  3 goblins
  4 kobolds
  2 rats
32 creatures vanquished.

Vanquished Creatures (others)
  2 plants (D:2)
2 creatures vanquished.

Grand Total: 34 creatures vanquished

Notes
Turn   | Place    | Note
-------+----------+-------------------------------------------
     0 | D:1      | Xeniu the Vampire Ice Elementalist began the quest for the
                  | Orb.
     0 | D:1      | Reached XP level 1. HP: 13/13 MP: 3/3
   304 | D:1      | Reached XP level 2. HP: 11/19 MP: 0/5
  1082 | D:2      | Noticed Natasha
  1100 | D:2      | Killed Natasha
  1101 | D:2      | Gained mutation: You are afflicted with vampirism and can
                  | become a bat while bloodless. [Vampire growth]
  1101 | D:2      | Reached XP level 3. HP: 7/24 MP: 0/6
  1159 | D:2      | Found a faded altar of an unknown god.
  1244 | D:2      | Noticed Natasha
  1249 | D:2      | Killed Natasha
  1250 | D:2      | Reached skill level 1 in Conjurations
  1250 | D:2      | Reached XP level 4. HP: 28/30 MP: 2/7
  1394 | D:2      | Noticed Natasha
  1466 | D:2      | Slain by a worm

Illustrated notes

Levels and vault maps discovered:
D:1:      noname_arrival_rooms_in_the_neighbourhood, layout_loops_ring,
          chequers_serial_rivers_large_a, minmay_misc_feat_x
D:2:      minmay_spotlight, layout_loops_ring, shapermc_ecumenical_altar_ellora,
          uniq_terence, uniq_natasha

Skill      XL: |  1  2  3 |
---------------+----------+-----
Stealth        | 4 |  4.0
Conjurations   | 1 |  1.1
Armour         | |  0.7
Dodging        | |  2.9
Spellcasting   | |  2.6
Ice Magic      | |  4.2

Action                   |  1- 3 |  4- 6 || total
-------------------------+-------+-------++-------
Melee: Dagger            |    55 |     8 ||    63
       Unarmed           |     4 |       ||     4
       Bite              |     4 |       ||     4
 Cast: Freeze            |    33 |     5 ||    38
 Stab: Sleeping          |     3 |     1 ||     4
Armor: Robe              |    16 |     2 ||    18
Dodge: Dodged            |    48 |     5 ||    53
